BSA
AUSTIN RIVER SHARKS @ ST CHARLES SHEENS
03/17/2024
 
TOP OF THE 1ST
Austin River Sharks batting - Pitching for St Charles Sheens : RHP Oscar Wheeler
Pitching: RHP Oscar Wheeler
Batting: RHB Tyler Wagner 0-0: Called Strike
0-1: Ball
1-1: Called Strike
1-2: DOUBLE (Line Drive, 8LD)
Batting: RHB Edouard Padovano 0-0: Ball
1-0: Ball
2-0: Ball
3-0: Called Strike
3-1: Ground out 5-3 (Groundball, 56)
Batting: LHB Roberto García 0-0: Ball
Throwing error on steal attempt, E2
Tyler Wagner scores
1-0: Ground out 1-3 (Groundball, 13S)
Batting: LHB Pedro Zaragoza 0-0: Called Strike
0-1: Ball
1-1: Foul Ball, location: 2F
1-2: Strikes out swinging
Top of the 1st over - 1 run(s), 1 hit(s), 1 error(s), 0 left on base; Austin 1 - St Charles 0
BOTTOM OF THE 1ST
St Charles Sheens batting - Pitching for Austin River Sharks : LHP Carlos López
Pitching: LHP Carlos López
Batting: RHB Júlio Hernández 0-0: Ball
1-0: Swinging Strike
1-1: Ground out U3 (Groundball, 3S)
Batting: RHB Howard Lane 0-0: Fly out, F3 (Popup, 3F)
Batting: RHB Judson Backstrom 0-0: Fly out, F8 (Line Drive, 8LD)
Bottom of the 1st over - 0 run(s), 0 hit(s), 0 error(s), 0 left on base; Austin 1 - St Charles 0
TOP OF THE 2ND
Austin River Sharks batting - Pitching for St Charles Sheens : RHP Oscar Wheeler
Batting: SHB Juan Castro 0-0: Swinging Strike
0-1: Called Strike
0-2: SINGLE (Flyball, 78S)
Batting: RHB Rich Ruffin 0-0: Grounds into double play, 4-6-3 (Groundball, 4)
Batting: LHB Terry Maloney 0-0: Ball
1-0: Called Strike
1-1: Called Strike
1-2: Strikes out swinging
Top of the 2nd over - 0 run(s), 1 hit(s), 0 error(s), 0 left on base; Austin 1 - St Charles 0
BOTTOM OF THE 2ND
St Charles Sheens batting - Pitching for Austin River Sharks : LHP Carlos López
Batting: LHB Jeff Carter 0-0: Swinging Strike
0-1: Ball
1-1: Ball
2-1: Ball
3-1: Foul Ball, location: 2F
3-2: Strikes out swinging
Batting: SHB Kyle MacGregor 0-0: Ball
1-0: Foul Ball, location: 2F
1-1: Ball
2-1: Ball
3-1: Called Strike
3-2: Strikes out swinging
Batting: RHB Guo-xiu Choi 0-0: Ball
1-0: SOLO HOME RUN (Flyball, 7LD), Distance : 348 ft
Batting: LHB Katsumi Morishita 0-0: Ground out 4-3 (Groundball, 4)
Bottom of the 2nd over - 1 run(s), 1 hit(s), 0 error(s), 0 left on base; Austin 1 - St Charles 1
TOP OF THE 3RD
Austin River Sharks batting - Pitching for St Charles Sheens : RHP Oscar Wheeler
Batting: RHB Kenneth Roberts 0-0: Ball
1-0: Called Strike
1-1: Foul Ball, location: 2F
1-2: Ground out 6-3 (Groundball, 6M)
Batting: RHB Hidetada Kichida 0-0: Swinging Strike
0-1: Ball
1-1: Ball
2-1: Called Strike
2-2: Fly out, F3 (Popup, 2R)
Batting: RHB Tyler Wagner 0-0: Called Strike
0-1: Ball
1-1: SINGLE (Line Drive, 9S)
Batting: RHB Edouard Padovano 0-0: Ball
Tyler Wagner steals 2nd base
1-0: Called Strike
1-1: Ball
2-1: Swinging Strike
2-2: Strikes out looking
Top of the 3rd over - 0 run(s), 1 hit(s), 0 error(s), 1 left on base; Austin 1 - St Charles 1
BOTTOM OF THE 3RD
St Charles Sheens batting - Pitching for Austin River Sharks : LHP Carlos López
Batting: RHB Daniel Robert 0-0: Ball
1-0: Ball
2-0: Called Strike
2-1: Foul Ball, location: 2F
2-2: SINGLE (Groundball, 56)
Batting: SHB Richard Bowman 0-0: Called Strike
0-1: Fly out, F2 (Popup, 2RF)
Batting: RHB Júlio Hernández 0-0: Ball
1-0: Foul Ball, location: 2F
1-1: SINGLE (Groundball, 56D)
Daniel Robert to second
Batting: RHB Howard Lane 0-0: Foul Ball, location: 2F
0-1: SINGLE (Line Drive, 4MD)
Daniel Robert to third
Júlio Hernández to second
Batting: RHB Judson Backstrom 0-0: Ball
1-0: Ball
2-0: Grounds into fielders choice 1-2 (Groundball, 4M)
Júlio Hernández to third
Howard Lane to second
Batting: LHB Jeff Carter 0-0: Ball
1-0: Called Strike
1-1: Ball
2-1: Foul Ball, location: 2F
2-2: Ball
3-2: Foul Ball, location: 2F
3-2: Fly out, F7 (Flyball, 7M)
Bottom of the 3rd over - 0 run(s), 3 hit(s), 0 error(s), 3 left on base; Austin 1 - St Charles 1
TOP OF THE 4TH
Austin River Sharks batting - Pitching for St Charles Sheens : RHP Oscar Wheeler
Batting: LHB Roberto García 0-0: Swinging Strike
0-1: Ball
1-1: Ground out 6-3 (Groundball, 56)
Batting: LHB Pedro Zaragoza 0-0: Foul Ball, location: 2F
0-1: Foul Ball, location: 2F
0-2: Ball
1-2: Strikes out looking
Batting: SHB Juan Castro 0-0: Ball
1-0: Foul Ball, location: 2F
1-1: Ball
2-1: Called Strike
2-2: Foul Ball, location: 2F
2-2: Foul Ball, location: 2F
2-2: Ball
3-2: SINGLE (Groundball, 15) (infield hit)
Batting: RHB Rich Ruffin 0-0: Called Strike
0-1: Swinging Strike
0-2: Strikes out looking
Top of the 4th over - 0 run(s), 1 hit(s), 0 error(s), 1 left on base; Austin 1 - St Charles 1
BOTTOM OF THE 4TH
St Charles Sheens batting - Pitching for Austin River Sharks : LHP Carlos López
Batting: SHB Kyle MacGregor 0-0: Called Strike
0-1: SINGLE (Groundball, 56)
Batting: RHB Guo-xiu Choi 0-0: Called Strike
0-1: Swinging Strike
0-2: Ball
Passed Ball!
Kyle MacGregor to second
1-2: Ball
2-2: Strikes out swinging
Batting: LHB Katsumi Morishita 0-0: Ball
1-0: Ball
2-0: DOUBLE (Line Drive, 7LD)
Kyle MacGregor scores
Batting: RHB Daniel Robert 0-0: Called Strike
0-1: Foul Ball, location: 2F
0-2: Fly out, F8 (Flyball, 8RD)
Runner from 2nd tags up, SAFE at 3rd, no throw
Batting: SHB Richard Bowman 0-0: Ball
1-0: Called Strike
1-1: Ball
2-1: Foul Ball, location: 2F
2-2: Ball
3-2: Ground out 6-3 (Groundball, 6)
Bottom of the 4th over - 1 run(s), 2 hit(s), 0 error(s), 1 left on base; Austin 1 - St Charles 2
TOP OF THE 5TH
Austin River Sharks batting - Pitching for St Charles Sheens : RHP Oscar Wheeler
Pitching: LHP Shan Liu
Batting: LHB Terry Maloney 0-0: Called Strike
0-1: Called Strike
0-2: SINGLE (Groundball, 56D)
Batting: RHB Kenneth Roberts 0-0: Fly out, F2 (Popup, 23F)
Batting: RHB Hidetada Kichida 0-0: Ball
1-0: Ball
Terry Maloney is caught stealing 2nd base
2-0: Ball
3-0: Called Strike
3-1: Swinging Strike
3-2: Ground out 6-3 (Groundball, 6)
Top of the 5th over - 0 run(s), 1 hit(s), 0 error(s), 0 left on base; Austin 1 - St Charles 2
BOTTOM OF THE 5TH
St Charles Sheens batting - Pitching for Austin River Sharks : LHP Carlos López
Pitching: RHP Pedro Magana
Batting: RHB Júlio Hernández 0-0: Foul Ball, location: 2F
0-1: SINGLE (Groundball, 6D)
Batting: RHB Howard Lane 0-0: Swinging Strike
0-1: Ball
1-1: Foul Ball, location: 2F
1-2: Grounds into double play, U4-3 (Groundball, 4)
Batting: RHB Judson Backstrom 0-0: Called Strike
0-1: Called Strike
0-2: Ball
1-2: Foul Ball, location: 2F
1-2: Fly out, F9 (Flyball, 89D)
Bottom of the 5th over - 0 run(s), 1 hit(s), 0 error(s), 0 left on base; Austin 1 - St Charles 2
TOP OF THE 6TH
Austin River Sharks batting - Pitching for St Charles Sheens : LHP Shan Liu
Batting: RHB Tyler Wagner 0-0: Foul Ball, location: 2F
0-1: Foul Ball, location: 2F
0-2: Ball
1-2: Ball
2-2: Ground out 4-3 (Groundball, 4M)
Batting: RHB Edouard Padovano 0-0: Ball
1-0: Ball
2-0: Ball
3-0: Called Strike
3-1: Foul Ball, location: 2F
3-2: Fly out, F9 (Flyball, 89M)
Batting: LHB Roberto García 0-0: Ball
1-0: Ball
2-0: Ball
3-0: Base on Balls
Pitching: LHP Morgan McDormand
Batting: LHB Pedro Zaragoza 0-0: Ball
1-0: Foul Ball, location: 2F
1-1: Called Strike
1-2: Foul Ball, location: 2F
1-2: Ball
2-2: Strikes out swinging
Top of the 6th over - 0 run(s), 0 hit(s), 0 error(s), 1 left on base; Austin 1 - St Charles 2
BOTTOM OF THE 6TH
St Charles Sheens batting - Pitching for Austin River Sharks : RHP Pedro Magana
Batting: LHB Jeff Carter 0-0: Fly out, F8 (Line Drive, 8LS)
Batting: SHB Kyle MacGregor 0-0: Ball
1-0: Ground out U3 (Groundball, 3L)
Batting: RHB Guo-xiu Choi 0-0: Fly out, F8 (Flyball, 8RM)
Bottom of the 6th over - 0 run(s), 0 hit(s), 0 error(s), 0 left on base; Austin 1 - St Charles 2
TOP OF THE 7TH
Austin River Sharks batting - Pitching for St Charles Sheens : LHP Morgan McDormand
Batting: SHB Juan Castro 0-0: Ball
1-0: SINGLE (Line Drive, 56)
Batting: RHB Rich Ruffin 0-0: Sac Bunt - play at first, batter OUT! 3-4
Juan Castro to second
Pinch Hitting: RHB José Balina 0-0: Ball
1-0: Ball
2-0: Ball
3-0: Called Strike
3-1: Ground out 6-3 (Groundball, 6)
Batting: RHB Kenneth Roberts 0-0: Called Strike
0-1: Ground out 1-3 (Groundball, 13)
Top of the 7th over - 0 run(s), 1 hit(s), 0 error(s), 1 left on base; Austin 1 - St Charles 2
BOTTOM OF THE 7TH
St Charles Sheens batting - Pitching for Austin River Sharks : RHP Pedro Magana
Pitching: RHP Daniel Morris
Now in CF: José Balina
Batting: LHB Katsumi Morishita 0-0: Ball
1-0: Swinging Strike
1-1: Foul Ball, location: 2F
1-2: DOUBLE (Flyball, 8LXD)
Pinch Hitting: LHB Marcos Cantú 0-0: Intentional Walk
Batting: SHB Richard Bowman 0-0: Called Strike
0-1: Reached on error, E1 (Groundball, 15)
Katsumi Morishita scores
Marcos Cantú to third
Pinch Hitting: RHB Alfredo Rivera 0-0: Intentional Walk
Pinch Hitting: LHB Gene Cooper 0-0: Called Strike
0-1: Ball
1-1: Ball
2-1: Ball
3-1: Base on Balls
Marcos Cantú scores
Richard Bowman to third
Alfredo Rivera to second
Batting: RHB Judson Backstrom 0-0: Called Strike
0-1: Foul Ball, location: 2F
0-2: Foul Ball, location: 2F
0-2: SINGLE (Groundball, 4)
Richard Bowman scores
Alfredo Rivera to third
Gene Cooper to second
Runner from 3rd tries for Home, SAFE, throw made home
Pitching: LHP Alfredo Durán
Pinch Hitting: RHB Salvador Medine 0-0: Ball
1-0: Ball
2-0: Called Strike
2-1: Ball
3-1: Base on Balls
Gene Cooper to third
Judson Backstrom to second
Batting: SHB Kyle MacGregor 0-0: DOUBLE (Flyball, 89XD)
Gene Cooper scores
Judson Backstrom scores
Salvador Medine to third
Pinch Hitting: RHB Kel Pierce 0-0: Ball
1-0: Fly out, F6 (Popup, 6M)
Batting: LHB Katsumi Morishita 0-0: Fly out, F5 (Line Drive, 5)
0-0: Fly out, F5 (Line Drive, 5)
Batting: LHB Marcos Cantú 0-0: Called Strike
0-1: Ball
1-1: Foul Ball, location: 2F
1-2: Ball
2-2: Fly out, F4 (Popup, 4)
Bottom of the 7th over - 6 run(s), 3 hit(s), 1 error(s), 2 left on base; Austin 1 - St Charles 8
TOP OF THE 8TH
Austin River Sharks batting - Pitching for St Charles Sheens : LHP Morgan McDormand
Now at 1B: Salvador Medine
Now at 2B: Kel Pierce
Now at SS: Gene Cooper
Now in LF: Marcos Cantú
Batting: RHB Hidetada Kichida 0-0: Called Strike
Now at 1B: Alfredo Rivera 0-1: Ground out 3-1 (Groundball, 34)
Pinch Hitting: LHB Luis Padilla 0-0: Ball
1-0: Ground out 1-3 (Groundball, 13)
Pinch Hitting: SHB Juan Acevado 0-0: Ball
1-0: Called Strike
1-1: Called Strike
1-2: Foul Ball, location: 2F
1-2: Ground out 6-3 (Groundball, 6)
Top of the 8th over - 0 run(s), 0 hit(s), 0 error(s), 0 left on base; Austin 1 - St Charles 8
BOTTOM OF THE 8TH
St Charles Sheens batting - Pitching for Austin River Sharks : LHP Alfredo Durán
Now at SS: Juan Acevado
Now in RF: Luis Padilla
Pinch Hitting: LHB Bob Ware 0-0: Ball
1-0: Fly out, F4 (Popup, 6MD)
Batting: RHB Alfredo Rivera 0-0: Foul Ball, location: 2F
0-1: Ball
1-1: DOUBLE (Flyball, 78XD)
Batting: LHB Gene Cooper 0-0: Ball
1-0: Ball
2-0: Called Strike
2-1: Ball
3-1: Base on Balls
Alfredo Rivera steals 3rd base
Batting: RHB Judson Backstrom 0-0: Ball
1-0: Foul Ball, location: 2F
1-1: Ball
2-1: Ball
3-1: Fly out, F8 (Line Drive, 8RM)
Runner from 3rd tags up, SCORES, no throw
Batting: RHB Salvador Medine 0-0: Called Strike
0-1: Fielders Choice at 2nd, U6 (Groundball, 6M)
Bottom of the 8th over - 1 run(s), 1 hit(s), 0 error(s), 1 left on base; Austin 1 - St Charles 9
TOP OF THE 9TH
Austin River Sharks batting - Pitching for St Charles Sheens : LHP Morgan McDormand
Now in RF: Bob Ware
Batting: RHB Reginaldo Jaconelli 0-0: Called Strike
0-1: Ball
1-1: Ball
2-1: Swinging Strike
2-2: Foul Ball, location: 2F
2-2: Foul Ball, location: 2F
2-2: Fly out, F8 (Flyball, 8RD)
Pinch Hitting: LHB Miguel Pérez 0-0: Called Strike
0-1: Ground out U3 (Groundball, 3S)
Batting: SHB Juan Castro 0-0: Ball
1-0: Called Strike
1-1: Foul Ball, location: 2F
1-2: Ground out 6-3 (Groundball, 6)
Top of the 9th over - 0 run(s), 0 hit(s), 0 error(s), 0 left on base; Austin 1 - St Charles 9
This league is powered by Out of the Park Baseball, the baseball management simulation game for PC, Mac and Linux
Saturday, April 9th, 2016 - OOTP Baseball 16.8 Build 38